 Dungeon Crawl Stone Soup version 0.29-a0-878-g7b45a56547 (webtiles) character file.

Game seed: 6800509131726914012

46 cma22inc the Trooper (level 3, 0/29 HPs)
             Began as a Human Fighter on July 19, 2022.
             Slain by an adder (3 damage)
             ... on level 2 of the Dungeon.
             The game lasted 00:19:34 (1072 turns).

cma22inc the Trooper (Human Fighter)                Turns: 1072, Time: 00:19:35

Health: 0/29       AC: 12    Str: 18    XL:     3   Next: 95%
Magic:  3/3        EV:  5    Int:  8    God:
Gold:   33         SH:  4    Dex: 12    Spells: 2/2 levels left

rFire   . . .      SeeInvis .   a - +0 long sword
rCold   . . .      Faith    .   c - +0 buckler
rNeg    . . .      Spirit   .   e - +0 plate armour
rPois   .          Reflect  .   (no helmet)
rElec   .          Harm     .   (no cloak)
rCorr   .          Rampage  .   (no gloves)
Will    .....                   m - +0 pair of boots
Stlth   ..........              (no amulet)
HPRegen 0.09/turn               (no ring)
MPRegen 0.08/turn               (no ring)

@: no status effects
A: no striking features
a: no special abilities


You were on level 2 of the Dungeon.
You visited 1 branch of the dungeon, and saw 2 of its levels.

You collected 33 gold pieces.

Inventory:

Hand Weapons
 a - a +0 long sword (weapon)
 d - a +0 dagger
 f - a +0 hand axe
 r - a +0 trident
Missiles
 o - 8 stones (quivered)
Armour
 c - a +0 buckler (worn)
 e - a +0 plate armour (worn)
 m - a +0 pair of boots (worn)
 n - a +0 ring mail
Scrolls
 b - a scroll of vulnerability {unknown}
 h - a scroll of blinking {unknown}
 j - 2 scrolls of teleportation {unknown}
 l - 2 scrolls of identify {unknown}
 p - a scroll of immolation {unknown}
 q - 2 scrolls of magic mapping {unknown}
Potions
 g - 2 potions of mutation {unknown}
 i - a potion of heal wounds {unknown}


   Skills:
 + Level 3.4 Fighting
 + Level 2.6 Long Blades
 + Level 3.3 Armour
 + Level 3.4 Shields


You had 2 spell levels left.
You didn't know any spells.
Your spell library was empty.

Dungeon Overview and Level Annotations

Branches:
Dungeon (2/15)

Altars:

Shops:
D:2 ((


Message History

The adder attacks as you move away! The adder bites you but does no damage.
The adder attacks as you move away! The adder bites you but does no damage.
You feel better. You block the adder's attack.
The adder bites you but does no damage.
You hit the adder.
The adder is heavily wounded.
You block the adder's attack.
The adder bites you but does no damage. x2
You closely miss the adder. The adder barely misses you. x2
The adder bites you but does no damage.
You barely miss the adder.
The adder bites you but does no damage. x2
The adder bites you. You block the adder's attack.
You barely miss the adder.
The adder bites you but does no damage. x2
You block the adder's attack. The adder bites you.
* * * LOW HITPOINT WARNING * * *
You are poisoned.
The adder poisons you!
You barely miss the adder.
You feel sick. You block the adder's attack.
The adder bites you but does no damage. The adder barely misses you.
You barely miss the adder.
You feel sick. You block the adder's attack.
The adder bites you but does no damage. You block the adder's attack.
You slash the adder!
The adder is severely wounded.
You feel sick.
You are no longer poisoned.
The adder barely misses you.
The adder bites you but does no damage. x3
You hit the adder.
You kill the adder!
The adder bites you but does no damage. The adder bites you.
* * * LOW HITPOINT WARNING * * *
The adder bites you but does no damage.
You barely miss the adder.
The adder is heavily wounded.
The adder bites you but does no damage. You block the adder's attack.
You barely miss the adder.
The adder is heavily wounded.
The adder bites you but does no damage.
You closely miss the adder.
The adder is heavily wounded.
The adder barely misses you. The adder bites you.
You die...

###........#..#..#.#...# #
#........##.####...###
###.#.......#..#...###.
#.....†)....##...###...
#...#........#.###...#
#...#...>....#.#...#
#............#...#
#...#........##.##
....#>.<.....##.@# #
.............###S## .#
.##.#........# #..# #...
.##.########...##.####...#
###.# #..####..#...# #..
## ..# ##...# #..###. #.#
#.### #>..?..# #.## ##.#
####.
....#...##..###..##....


You could see an adder.

Vanquished Creatures
  An adder (D:2)
  3 ball pythons
  5 endoplasms
  2 giant cockroaches (D:1)
  4 goblins
  2 hobgoblins (D:2)
  3 jackals (D:1)
  3 kobolds
  A quokka (D:1)
  4 bats (D:1)
  A frilled lizard (D:1)
  3 rats
32 creatures vanquished.

Notes
Turn   | Place    | Note
-------+----------+-------------------------------------------
     0 | D:1      | cma22inc the Human Fighter began the quest for the Orb.
     0 | D:1      | Reached XP level 1. HP: 18/18 MP: 1/1
   168 | D:1      | Reached XP level 2. HP: 9/24 MP: 2/2
   471 | D:1      | Reached XP level 3. HP: 29/29 MP: 3/3
   875 | D:2      | Found Naodenkolyn's Weapon Shoppe.
  1017 | D:2      | Found Beef Loth's Antique Weapon Boutique.
  1072 | D:2      | Slain by an adder

Illustrated notes

Levels and vault maps discovered:
D:1:      erik_arrival_blinker_ship, layout_loops_ring, solitary_fountain
D:2:      minmay_skewed_foursquare, layout_rooms, serial_shops,
          nicolae_shop_statue_plus, shop, nicolae_lakefront_shop,
          nicolae_shop_behind_doors, nicolae_diamond_shop

Action                   || total
-------------------------++-------
Melee: Long sword        ||   118
  Use: Potion            ||     3
Armor: Plate armour      ||   107
Dodge: Dodged            ||    38
Block: Buckler           ||    39

Table legend: (Time is in decaauts)
 A = Elapsed time spent in this place.
 B = Non-inter-level travel time spent in this place.
 C = Inter-level travel time spent in this place.
 D = Time resting spent in this place.
 E = Time spent auto-exploring this place.
 F = Levels seen in this place.
 G = Mean time per level.
                   A        B        C        D        E       F      G
               +--------+--------+--------+--------+--------+-----+--------+
         Total |   1111 |    357 |    754 |      0 |      0 |   2 |  555.5 |
       Dungeon |   1111 |    357 |    754 |      0 |      0 |   2 |  555.5 |
               +--------+--------+--------+--------+--------+-----+--------+

Top non-repeatable levels by time:
     D:1: 807 daAuts
     D:2: 304 daAuts
